 Dungeon Crawl Stone Soup version 0.30.0-5-g1a98f26d00 (webtiles) character file.

Game seed: 16068948453401670543

7137 Acheron the Cudgeller (level 10, -8/74 HPs)
             Began as a Demonspawn Warper on May 8, 2023.
             Was a High Priest of Sif Muna.
             Mangled by a deep elf knight
             ... wielding a +0 short sword
             ... summoned by a worldbinder
              (11 damage)
             ... on level 1 of the Abyss.
             The game lasted 00:57:15 (9174 turns).

Acheron the Cudgeller (Demonspawn Warper)           Turns: 9174, Time: 00:57:15

Health: -8/74      AC: 12    Str: 19    XL:     10   Next: 85%
Magic:  14/14      EV: 20    Int: 14    God:    Sif Muna [*****.]
Gold:   547        SH:  6    Dex: 21    Spells: 5/15 levels left

rFire   . . .        n - +3 flail of Tecogul {flame, rPois Stlth+}
rCold   . . .        z - +0 buckler
rNeg    . . .        A - +0 troll leather armour {Pargi}
rPois   +            (no helmet)
rElec   .            F - +0 cloak
rCorr   .            o - +1 pair of gloves {Str+3}
SInv    .            (no boots)
Will    .....        f - amulet of the acrobat
Stlth   ++++         y - ring "Woluidd" {AC+4 Str+6}
HPRegen 1.12/turn    r - +4 ring of slaying
MPRegen 0.14/turn

%: acrobat
@: agile, about to teleport
A: claws 2, powered by pain 1, agile 1
a: Renounce Religion, Channel Magic, Forget Spell, Divine Exegesis


You were on level 1 of the Abyss.
You worshipped Sif Muna.
Sif Muna was extremely pleased with you.
You visited 3 branches of the dungeon, and saw 14 of its levels.
You visited the Abyss 1 time.
You also visited: Sewer.

You collected 547 gold pieces.

Inventory:

Hand Weapons
 b - a +1 war axe of electrocution
 e - a +4 flail
 n - the +3 flail of Tecogul (weapon) {flame, rPois Stlth+}
   (You found it in a sewer)

   rPois:     It protects you from poison.
   Stlth:     It makes you more stealthy.
 E - a +3 hand axe
Missiles
 d - 2 boomerangs of dispersal
 p - 23 poisoned darts
 v - 2 throwing nets
 x - 14 boomerangs (quivered)
 H - a curare-tipped dart
Armour
 o - a +1 pair of gloves of strength (worn)
 s - a +0 leather armour of poison resistance
 z - a +0 buckler (worn)
 A - a +0 troll leather armour (worn) {Pargi}
 F - a +0 cloak (worn)
Magical Staves
 J - a staff of poison
Jewellery
 f - an amulet of the acrobat (around neck)
 i - a ring of protection from fire
 l - a ring of fire
 q - a ring of ice
 r - a +4 ring of slaying (right hand)
 y - the ring "Woluidd" (left hand) {AC+4 Str+6}
   (You found it on level 5 of the Dungeon)

   [ring of protection]

   AC:        It affects your AC (+4).
   Str:       It affects your strength (+6).
Wands
 m - a wand of flame (13)
 D - a wand of quicksilver (5)
Scrolls
 c - a scroll of poison
 g - a scroll of teleportation
 h - 2 scrolls of identify
 B - 2 scrolls of immolation
 C - a scroll of blinking
 I - 2 scrolls of fear
Potions
 a - 2 potions of ambrosia {unknown}
 j - 2 potions of lignification
 k - 3 potions of brilliance
 t - 3 potions of might
 u - 2 potions of mutation
 w - a potion of flight
 G - a potion of resistance
 K - a potion of curing {unknown}


   Skills:
 + Level 5.5 Fighting
 + Level 3.2(5.1) Axes
 - Level 6.1(6.5) Maces & Flails
 * Level 4.7 Throwing
 * Level 4.2 Armour
 + Level 5.5 Dodging
 * Level 4.6 Stealth
 * Level 3.7 Shields
 * Level 3.1 Spellcasting
 + Level 4.6 Translocations
 * Level 2.1 Transmutations
 * Level 5.5 Invocations
 * Level 4.2 Evocations


You had 5 spell levels left.
You knew the following spells:

 Your Spells              Type           Power      Damage    Failure   Level
a - Blink                 Tloc           30%        N/A       7%          2
b - Gell's Gravitas       Tloc           15%        N/A       14%         3
c - Beastly Appendage     Tmut           16%        N/A       13%         1
d - Wereblood             Tmut           8%         N/A       19%         2
e - Lesser Beckoning      Tloc           30%        N/A       7%          2

Your spell library contained the following spells:

 Spells                   Type           Power      Damage    Failure   Level
 Teleport Other           Tloc           15%        N/A       14%         3
 Momentum Strike          Conj/Tloc      16%        3d8       19%         2
 Portal Projectile        Hex/Tloc       16%        N/A       34%         3
 Vhi's Electric Charge    Tloc/Air       16%        N/A       34%         3
 Manifold Assault         Tloc           15%        N/A       41%         4
 Poisonous Vapours        Pois/Air       4%         N/A       43%         2
 Spider Form              Tmut/Pois      5%         N/A       52%         3
 Call Canine Familiar     Summ           2%         N/A       67%         3
 Mephitic Cloud           Conj/Pois/Air  2%         N/A       67%         3
 Ozocubu's Armour         Ice            2%         N/A       67%         3
 Summon Guardian Golem    Hex/Summ       2%         N/A       67%         3
 Leda's Liquefaction      Hex/Erth       1%         N/A       97%         4
 Arcjolt                  Conj/Air       1%         1d11      100%        5
 Freezing Cloud           Conj/Ice/Air   1%         6-21      100%        5
 Dispersal                Tloc           7%         N/A       100%        6
 Plasma Beam              Fire/Air       1%         2x1d12    100%        6
 Orb of Destruction       Conj           1%         9d5       100%        7
 Ozocubu's Refrigeration  Ice            1%         4d7       100%        7
 Spellforged Servitor     Conj/Summ      1%         N/A       100%        7


Dungeon Overview and Level Annotations

Branches:
Dungeon (12/15)            Temple (1/1) D:7             Orc (1/2) D:10
  Sewer (visited)
   Lair: D:8-11

Altars:
Ashenzari
Cheibriados
Dithmenos
Gozag
Hepliaklqana
Kikubaaqudgha
Okawaru
Qazlal
Ru
Sif Muna
Trog
Vehumet
Xom
Yredelemnul

Shops:
D:5 [   D:6 [=   D:10 [

Annotations:
D:3 2 transporters, Jarnaxa's ghost, amateur DsFi
D:4 Sigmund
D:6 exclusion: 2 downstairs
D:7 exclusion: downstairs
D:8 2 exclusions, Gastronok
D:9 exclusion: 3 upstairs
D:10 exclusion: downstairs
D:11 Erolcha


Innate Abilities, Weirdness & Mutations

You have very sharp fingernails.
You sometimes gain a little power by taking damage.
You are agile. (Dex +4, Str/Int -1)


Message History

You hit the worldbinder but do no damage.
You block the worldbinder's attack.
The worldbinder hits you but does no damage.
The deep elf knight hits you but does no damage.
The deep elf pyromancer barely misses you.
Unknown command.
You hit the worldbinder but do no damage.
The worldbinder hits you. The worldbinder barely misses you.
The worldbinder hits you but does no damage.
You block the worldbinder's attack.
The deep elf knight gestures at you while chanting.
The shard of ice hits you!!
You focus on the pain.
You feel agile all of a sudden.
The deep elf pyromancer hits you but does no damage.
As you read the scroll of teleportation, it crumbles to dust.
You feel strangely unstable.
You feel the power of the Abyss delaying your translocation!
You block the worldbinder's attack. The worldbinder hits you.
The deep elf knight hits you with a +0 short sword!
The deep elf pyromancer hits you but does no damage.
The deep elf zephyrmancer gestures wildly while chanting.
The deep elf zephyrmancer blinks!
You closely miss the deep elf pyromancer.
You block the worldbinder's attack. The worldbinder completely misses you.
The deep elf knight hits you but does no damage.
The deep elf pyromancer barely misses you.
You block the worldbinder's attack. The worldbinder completely misses you.
You miss the deep elf pyromancer. The worldbinder completely misses you.
The worldbinder hits you but does no damage.
The deep elf knight gestures wildly while chanting.
The deep elf knight seems to speed up.
The deep elf pyromancer casts a spell at you.
The bolt of fire hits you!!
* * * LOW HITPOINT WARNING * * *
The deep elf zephyrmancer gestures wildly while chanting.
The deep elf zephyrmancer blinks!
You closely miss the deep elf pyromancer.
The worldbinder misses you. x2
The deep elf knight hits you with a +0 short sword!
You die...

....#.. . §#
..........##
.....#. .#..#
... ...#.## #
###.... ##..## .
#..# .. ##x## #.
# ####
###e#@#.... .##
..#..##§ee.....#
. . . .
.......#.#. ...
..#.#..........
. ...
...#...#.#. ...
...#..e.. ....
.. . # . ......
####.##
.......#.## ## .
. #


You could see a deep elf knight (summoned, fast), a deep elf pyromancer
(summoned), a worldbinder and a deep elf zephyrmancer (summoned).

Vanquished Creatures
  A cyclops (D:11)
  2 trolls (D:10)
  A shadow (D:10)
  2 wraiths (D:10)
  14 yaks
  3 wyverns
  2 steam dragons (D:8)
  A two-headed ogre zombie (D:10)
  3 water moccasins
  A large abomination (Abyss:1)
  An orc warrior (D:7)
  Pargi (Sewer)
  3 centaurs
  A phantom (D:10)
  2 bullfrogs
  A kobold brigand (D:6)
  3 scorpions
  5 wights
  2 troll zombies (D:10)
  9 killer bees
  6 howler monkeys
  An orc priest (D:6)
  4 hounds
  A jelly (D:5)
  10 orc wizards
  5 ogre zombies (D:10)
  6 adders
  4 gnolls
  2 white imps (D:6)
  A worm (D:5)
  5 dart slugs
  34 orcs
  4 ball pythons
  6 endoplasms
  11 giant cockroaches
  5 goblins
  5 hobgoblins
  3 jackals (D:1)
  9 kobolds
  7 quokkas
  14 bats
  3 frilled lizards
  3 goblin skeletons (D:10)
  4 goblin zombies (D:10)
  3 hobgoblin skeletons (D:10)
  2 hobgoblin zombies (D:10)
  3 orc skeletons (D:10)
  10 orc zombies (D:10)
  4 rats
233 creatures vanquished.

Notes
Turn   | Place    | Note
-------+----------+-------------------------------------------
     0 | D:1      | Acheron the Demonspawn Warper began the quest for the Orb.
     0 | D:1      | Reached XP level 1. HP: 16/16 MP: 3/3
    31 | D:1      | Reached skill level 1 in Throwing
    31 | D:1      | Gained mutation: You have sharp fingernails. [demonic
                  | ancestry]
    31 | D:1      | Reached XP level 2. HP: 15/22 MP: 5/5
   210 | D:1      | Found a faded altar of an unknown god.
   225 | D:1      | Prayed at the altar of an unknown god.
   225 | D:1      | Became a worshipper of Sif Muna the Loreminder
   225 | D:1      | Reached * piety under Sif Muna
   259 | D:1      | Reached skill level 1 in Armour
   384 | D:2      | Reached XP level 3. HP: 20/27 MP: 6/6
  1419 | D:1      | Reached ** piety under Sif Muna
  1420 | D:1      | Gained mutation: You sometimes gain a little power by
                  | taking damage. [demonic ancestry]
  1420 | D:1      | Reached XP level 4. HP: 32/33 MP: 7/7
  1943 | D:3      | Noticed a scorpion
  2264 | D:3      | You fall into a shaft and drop 1 floor!
  2282 | D:4      | Noticed Sigmund
  2304 | D:4      | Reached skill level 1 in Stealth
  2501 | D:3      | Found a transporter.
  2532 | D:3      | Found a transporter.
  2534 | D:3      | Noticed Jarnaxa's ghost (amateur DsFi)
  2626 | D:3      | Reached XP level 5. HP: 39/39 MP: 8/8
  2763 | D:3      | Found a stormy altar of Qazlal.
  2992 | D:4      | Found a basalt altar of Yredelemnul.
  3032 | D:5      | Entered Level 5 of the Dungeon
  3041 | D:4      | Reached *** piety under Sif Muna
  3081 | D:5      | Found Emular's Armour Shop.
  3084 | D:5      | Identified the ring "Woluidd" {AC+4 Str+6}
  3099 | D:5      | Learned a level 2 spell: Blink
  3264 | D:5      | Found a glowing drain.
  3307 | Sewer    | Entered a sewer
  3338 | Sewer    | Noticed Pargi
  3354 | Sewer    | Killed Pargi
  3355 | Sewer    | Reached XP level 6. HP: 46/46 MP: 9/9
  3437 | Sewer    | Identified the +3 flail of Tecogul {flame, rPois Stlth+}
  3539 | D:5      | Found a hazy altar of Hepliaklqana.
  3547 | D:5      | Reached skill level 1 in Invocations
  3676 | D:6      | Reached skill level 1 in Evocations
  3911 | D:7      | Reached XP level 7. HP: 49/52 MP: 10/10
  4024 | D:7      | Reached skill level 1 in Maces & Flails
  4024 | D:7      | Reached skill level 1 in Shields
  4062 | D:7      | Found a staircase to the Ecumenical Temple.
  4071 | Temple   | Entered the Ecumenical Temple
  4119 | D:7      | Noticed a steam dragon
  4154 | D:7      | Reached **** piety under Sif Muna
  4348 | D:8      | Learned a level 3 spell: Gell's Gravitas
  4359 | D:7      | Found a bloodstained altar of Trog.
  4362 | D:7      | Found an opulent altar of Gozag.
  4363 | D:7      | Found a sacrificial altar of Ru.
  4527 | D:6      | Reached skill level 2 in Maces & Flails
  4566 | D:6      | Found Hausos's Jewellery Boutique.
  4615 | D:6      | Gained mutation: You have very sharp fingernails. [demonic
                  | ancestry]
  4615 | D:6      | Reached XP level 8. HP: 58/58 MP: 11/11
  4756 | D:5      | Learned a level 1 spell: Beastly Appendage
  5104 | D:6      | Reached skill level 3 in Maces & Flails
  5221 | D:6      | Identified the +6 hand axe of Nezueggo {distort, rPois}
  5399 | D:6      | Found Nezha's Dragon-Slaying Spoils.
  5718 | D:10     | Entered Level 10 of the Dungeon
  5767 | D:9      | Learned a level 2 spell: Wereblood
  5889 | D:9      | Reached skill level 4 in Maces & Flails
  5893 | D:9      | Reached XP level 9. HP: 65/65 MP: 12/12
  5903 | D:9      | Gained mutation: You possess an exceptional clarity of
                  | mind. [potion of mutation]
  5903 | D:9      | Gained mutation: You expend magic power (3 MP) to
                  | strengthen your wands. [potion of mutation]
  5904 | D:9      | Lost mutation: You possess an exceptional clarity of mind.
                  | [potion of mutation]
  5904 | D:9      | Lost mutation: You expend magic power (3 MP) to strengthen
                  | your wands. [potion of mutation]
  5904 | D:9      | Gained mutation: You are agile. (Dex +4, Str/Int -1)
                  | [potion of mutation]
  5996 | D:8      | Noticed Gastronok
  6181 | D:8      | Reached skill level 5 in Maces & Flails
  6306 | D:8      | Noticed a two-headed ogre
  6306 | D:8      | Noticed a two-headed ogre
  6874 | D:10     | Noticed a troll
  6882 | D:10     | Killed a troll
  6981 | D:10     | Noticed a troll
  7138 | D:10     | Reached XP level 10. HP: 64/73 MP: 13/13
  7155 | D:10     | Found Monailume's Antique Armour Emporium.
  7352 | D:10     | Learned a level 2 spell: Lesser Beckoning
  7376 | D:10     | Reached skill level 6 in Maces & Flails
  7623 | D:10     | Reached skill level 5 in Fighting
  7728 | D:10     | Found a staircase to the Orcish Mines.
  7761 | D:10     | Reached skill level 5 in Dodging
  7761 | D:10     | Reached skill level 1 in Transmutations
  7874 | D:11     | Noticed a cyclops
  7881 | D:11     | Killed a cyclops
  7881 | D:11     | Reached ***** piety under Sif Muna
  7882 | D:11     | Reached skill level 5 in Invocations
  7908 | Orc:1    | Entered Level 1 of the Orcish Mines
  8408 | D:8      | Received a gift from Sif Muna
  8553 | D:11     | Noticed a two-headed ogre
  9061 | D:11     | Noticed Erolcha
  9067 | Abyss:1  | Cast into level 1 of the Abyss (Erolcha)
  9084 | Abyss:1  | Found a corrupted altar of Lugonu.
  9153 | Abyss:1  | Noticed a worldbinder
  9155 | Abyss:1  | Noticed a deep elf knight
  9155 | Abyss:1  | Noticed a deep elf knight
  9155 | Abyss:1  | Noticed a deep elf pyromancer
  9160 | Abyss:1  | Noticed a deep elf pyromancer
  9160 | Abyss:1  | Noticed a deep elf zephyrmancer
  9160 | Abyss:1  | Noticed a deep elf pyromancer
  9169 | Abyss:1  | Noticed a deep elf zephyrmancer
  9169 | Abyss:1  | Noticed a deep elf pyromancer
  9169 | Abyss:1  | Noticed a deep elf knight
  9173 | Abyss:1  | HP: 2/74 [deep elf pyromancer/bolt of fire[a worldbinder]
                  | (26)]
  9174 | Abyss:1  | Mangled by a deep elf knight

Illustrated notes

Levels and vault maps discovered:
D:1:      sevenhm_arrival_forest_fort_small_6, layout_loops_ring,
          ebering_ecumenical_altar_box
D:2:      layout_basic, serial_glass, glass_columns_b, glass_columns_a,
          glass_columns_a, glass_columns_a, glass_columns_a,
          amcnicky_mini_pool_small, minmay_fractal_squares_gapless_5
D:3:      minmay_inner_zag, layout_basic, nicolae_qazlal_eye_of_the_storm,
          gammafunk_ghost_mausoleum
D:4:      layout_loops_ring, led_sif_book, yredelemnul_altar_generic,
          uniq_sigmund
D:5:      layout_rooms, nicolae_hepliaklqana_hazy_memory, serial_shops,
          nicolae_shop_hallway_plus, gup_sewer_entry_bubbles,
          lemuel_flamethrower_1
D:6:      layout_loops_corners, serial_shops, nicolae_shop_rolling_square,
          st_stairs_14, nicolae_shop_dragon_depot, kennysheep_nub,
          nrook_mini_vaults, serial_bayou_pond_a, kennysheep_generic_room_8
D:7:      layout_gridville, grunt_temple_overflow_open,
          minmay_temple_entry_butterflies
D:8:      layout_cave_pods, serial_bayou_pond_e, grunt_livestock,
          hellmonk_guarded_unrand_gyre_and_gimble, uniq_gastronok
D:9:      layout_small_grid
D:10:     layout_basic, zombieorc2_lemuel, serial_shops,
          nicolae_shop_behind_doors, nicolae_figureground_sparkle
D:11:     layout_cave_pools, lair_entry_dummy, amethyst_killhole, uniq_erolcha
D:12:     layout_irregular_city, serial_shops, kennysheep_mini,
          kennysheep_generic_room_5, uniq_nergalle
Temple:   eino_narrow_crystal_temple
Orc:1:    layout_caves, nooodl_orcs_dogs
Abyss:1:  base:
Lair:5

Skill      XL: |  1  2  3  4  5  6  7  8  9 10 |
---------------+-------------------------------+-----
Throwing       | 1 2 3 4 |  4.7
Armour         | 1 2 3 4 |  4.2
Axes           | 2 3 |  3.2
Dodging        | 2 3 4 5 |  5.5
Translocations | 3 4 |  4.6
Stealth        | 1 2 3 4 |  4.6
Invocations    | 1 2 3 4 5 |  5.5
Fighting       | 3 4 5 |  5.5
Evocations     | 1 2 3 4 |  4.2
Maces & Flails | 2 4 5 6 |  6.1
Shields        | 1 2 3 |  3.7
Transmutations | 2 |  2.1
Spellcasting   | 3 |  3.1

Action                     |  1- 3 |  4- 6 |  7- 9 | 10-12 || total
---------------------------+-------+-------+-------+-------++-------
  Melee: Hand axe          |   136 |   184 |       |       ||   320
         Punch             |     2 |     1 |       |       ||     3
         Flail             |       |    32 |   251 |   211 ||   494
  Throw: Boomerang         |     1 |       |     8 |     4 ||    13
   Cast: Blink             |       |       |     1 |       ||     1
         Beastly Appendage |       |       |       |     2 ||     2
  Evoke: Wand              |       |     1 |     1 |     2 ||     4
    Use: Scroll            |     6 |     6 |     5 |     3 ||    20
         Potion            |       |     1 |    10 |       ||    11
   Stab: Sleeping          |       |     7 |     3 |     3 ||    13
         Distracted        |       |       |       |     1 ||     1
 Armour: Leather armour    |    45 |    55 |       |       ||   100
         Troll leather arm |       |     6 |   115 |    48 ||   169
  Dodge: Dodged            |    73 |   149 |   192 |   129 ||   543
  Block: Buckler           |       |    20 |    47 |    49 ||   116
